AoeStats
← jesterkori

Lombardia

510138456Analyzed
3v3 RM · 2d ago on Sep 29, 2026· 85m 52s· 6 players
Game mode
Random Map
Map size
Normal (6 player)
Population
200
Speed
Normal
Resources
Standard
Victory
Conquest
Starting age
Dark Age
Ending age
Imperial Age
RankedLock teamsTeams togetherTeam positionsShared explorationLock speedFull tech treeHidden civsTurbo modeCheats
Victory
Defeat
🇮🇳 Danes · India
1287
+13
🇮🇳 Spanish · India
1269
+14
🇮🇳 Wei · India
1265
+14
🇩🇪 Berbers · Germany
1266
-15
🇩🇪 Saxons · Germany
1245
-14
🇩🇪 Varangians · Germany
1170
-12
Age of Mr. Futzie
9:51 Feudal Age
9:12 Loom
10:55 Double-Bit Axe
13:11 Bloodlines
14:55 Scale Barding Armor
22:33 Castle Age
23:25 Forging
23:39 Chain Barding Armor
24:12 Husbandry
24:49 Horse Collar
27:02 Forging
34:09 Iron Casting
39:44 Wheelbarrow
39:23 Bow Saw
42:34 Imperial Age
40:22 Vendel Legacy
42:35 Cavalier
43:56 Plate Barding Armor
44:38 Blast Furnace
48:08 Heavy Plow
49:13 Two-Man Saw
51:58 Caravan
53:31 Hand Cart
53:29 Light Cavalry
55:51 Crop Rotation
58:22 Town Watch
59:45 Fletching
61:25 Hussar
82:45 Man-at-Arms
83:16 Gambesons
83:32 Squires
83:17 Arson
82:53 Elite Varangian Guard
85:12 Scale Mail Armor
s_xutoji
8:57 Loom
10:42 Feudal Age
15:32 Castle Age
14:03 Double-Bit Axe
14:24 Horse Collar
15:34 Fletching
16:13 Bodkin Arrow
17:54 Bow Saw
19:09 Crossbowman
24:38 Wheelbarrow
28:14 Thumb Ring
34:09 Imperial Age
32:58 Hand Cart
33:07 Ballistics
34:36 Masonry
34:24 Murder Holes
34:13 Arbalester
35:00 Bracer
36:13 Chemistry
35:59 Architecture
35:51 Conscription
37:27 Elite Varangian Guard
37:56 Arson
38:11 Squires
38:14 Scale Mail Armor
38:25 Forging
41:06 Chain Mail Armor
41:28 Iron Casting
45:26 Plate Mail Armor
44:23 Shield Wall
47:07 Siege Engineers
48:26 Caravan
48:59 Coinage
54:11 Padded Archer Armor
65:40 Leather Archer Armor
65:47 Fortified Wall
65:26 Arrowslits
65:23 Treadmill Crane
67:24 Ring Archer Armor
68:32 Sappers
69:39 Hoardings
71:03 Two-Man Saw
79:26 Guard Tower
HumbleBlobfish
8:44 Loom
11:03 Feudal Age
12:10 Double-Bit Axe
15:02 Castle Age
13:57 Horse Collar
16:03 Bow Saw
21:07 Fletching
23:12 Gold Mining
23:36 Bodkin Arrow
27:46 Wheelbarrow
28:01 Ballistics
28:01 Husbandry
28:51 Bloodlines
29:12 Heavy Plow
30:32 Gold Shaft Mining
30:33 Padded Archer Armor
30:39 Thumb Ring
35:48 Imperial Age
33:33 Hand Cart
33:32 Kasbah
36:31 Bracer
37:32 Chemistry
36:57 Elite Camel Archer
37:22 Capped Ram
38:16 Maghrebi Camels
38:36 Conscription
38:33 Leather Archer Armor
38:17 Town Watch
38:32 Heavy Camel Rider
39:17 Scale Barding Armor
39:23 Forging
39:45 Ring Archer Armor
40:20 Masonry
40:15 Siege Engineers
40:57 Hoardings
41:20 Chain Barding Armor
41:36 Iron Casting
40:22 Light Cavalry
42:46 Hussar
44:02 Plate Barding Armor
44:18 Guilds
44:09 Caravan
45:45 Blast Furnace
50:36 Murder Holes
83:15 Coinage
hawkizhere
8:26 Loom
10:21 Feudal Age
11:49 Double-Bit Axe
14:39 Castle Age
13:22 Horse Collar
13:56 Scale Mail Armor
13:48 Arson
14:16 Forging
20:56 Bow Saw
23:23 Chain Mail Armor
23:24 Padded Archer Armor
23:12 Gambesons
23:58 Heavy Plow
25:06 Wheelbarrow
27:35 Iron Casting
26:54 Gold Mining
29:17 Squires
29:53 Sanctity
30:56 Hand Cart
31:02 Town Watch
34:18 Imperial Age
31:57 Hamask
33:14 Ballistics
33:57 Gold Shaft Mining
35:34 Plate Mail Armor
36:55 Elite Varangian Guard
40:25 Onager
42:22 Chemistry
41:40 Pikeman
43:48 Blast Furnace
44:28 Conscription
45:03 Coinage
45:17 Halberdier
47:37 Halberdier
49:18 Conscription
50:36 Halberdier
51:55 Banking
53:21 Caravan
55:16 Hoardings
60:13 Fletching
62:02 Siege Engineers
70:17 Siege Onager
71:37 Northmen's Fury
77:20 Capped Ram
84:17 Masonry
84:06 Bodkin Arrow
84:26 Siege Ram
jesterkori
8:52 Loom
10:55 Feudal Age
15:01 Castle Age
14:15 Horse Collar
14:54 Double-Bit Axe
20:57 Fletching
21:08 Town Watch
23:02 Bodkin Arrow
24:03 Bow Saw
25:21 Heavy Plow
26:22 Bloodlines
26:14 Husbandry
29:50 Ballistics
34:47 Imperial Age
32:52 Wheelbarrow
33:36 Bloodlines
33:23 Treadmill Crane
33:57 Gold Mining
36:31 Parthian Tactics
36:08 Bracer
37:10 Padded Archer Armor
37:47 Hand Cart
39:22 Leather Archer Armor
40:20 Thumb Ring
40:46 Ring Archer Armor
40:32 Tuntian
41:47 Gold Shaft Mining
41:53 Fortified Wall
42:10 Conscription
41:56 Scale Barding Armor
42:02 Forging
42:35 Elite Tiger Cavalry
43:38 Chain Barding Armor
44:23 Iron Casting
44:51 Ming Guang Armor
46:01 Light Cavalry
50:42 Hussar
55:21 Blast Furnace
68:55 Elite Skirmisher
73:54 Chemistry
74:38 Caravan
79:47 Heavy Hei Guang Cavalry
P3psiMan
9:17 Loom
11:24 Feudal Age
13:12 Wheelbarrow
13:33 Town Watch
16:07 Castle Age
14:23 Double-Bit Axe
14:20 Horse Collar
15:26 Scale Barding Armor
16:45 Bloodlines
18:31 Husbandry
22:06 Forging
24:58 Horse Collar
26:39 Chain Barding Armor
26:55 Heavy Plow
29:50 Town Patrol
30:32 Iron Casting
29:52 Gold Mining
31:38 Hand Cart
32:03 Stone Mining
32:51 Bow Saw
35:55 Imperial Age
33:22 Fletching
33:31 Murder Holes
33:45 Light Cavalry
34:45 Bodkin Arrow
35:33 Stone Shaft Mining
35:59 Cavalier
37:26 Plate Barding Armor
37:55 Blast Furnace
37:56 Paladin
40:18 Two-Man Saw
43:33 Conscription
44:48 Ballistics
44:03 Hussar
46:28 Bracer
48:15 Caravan
48:49 Coinage
48:26 Pikeman
56:47 Chemistry
56:14 Elite Conquistador
57:45 Elite Skirmisher
64:12 Bombard Tower
83:01 Thumb Ring
Connection lost

Rejoining the realm…

Still unreachable

The connection could not be restored.

Session expired

The server has moved on; the page needs a fresh start.